 Dungeon Crawl Stone Soup version 0.24-a0-194-g9bee6eb (console) character file.

Game seed: 17845064067721995207

17210 Voker57 the Carver (level 12, -6/96 HPs)
             Began as a Demonspawn Gladiator on Mar 18, 2019.
             Was a High Priest of Makhleb.
             Mangled by a death yak (20 damage)
             ... on level 2 of the Lair of Beasts.
             The game lasted 00:21:40 (13947 turns).

Voker57 the Carver (Demonspawn Gladiator)          Turns: 13947, Time: 00:21:41

Health: -6/96      AC: 12    Str: 23    XL:     12   Next: 16%
Magic:  11/11      EV: 19    Int: 11    God:    Makhleb [*****.]
Gold:   688        SH:  0    Dex: 19    Spells: 11/11 levels left

rFire    + . .     SeeInvis .   a - +0 scimitar
rCold    . . .     Gourm    .   (no shield)
rNeg     + . .     Faith    .   Q - +0 troll leather armour
rPois    .         Spirit   .   c - +1 helmet
rElec    .         Reflect  .   q - +0 cloak
rCorr    .         Harm     .   (no gloves)
MR       .....                  m - +2 pair of boots "Efoppem" {rN+ MP-9 Str+4}
Stlth    +.........             (no amulet)
HPRegen  0.66/turn              w - ring of protection from fire
MPRegen  0.12/turn              (no ring)

@: mighty
A: hooves 2, yellow scales 1, foul stench 1, powered by pain 1, rot immunity
a: Minor Destruction, Lesser Servant of Makhleb, Major Destruction, Greater
Servant of Makhleb, Renounce Religion


You were on level 2 of the Lair of Beasts.
You worshipped Makhleb.
Makhleb was extremely pleased with you.
You were hungry.

You visited 2 branches of the dungeon, and saw 13 of its levels.

You collected 803 gold pieces.
You spent 115 gold pieces at shops.

Inventory:

Hand Weapons
 a - a +0 scimitar (weapon)
 b - a +1 dagger of venom
 C - a +1 long sword
 N - a +1 short sword of flaming
Missiles
 k - 4 throwing nets (quivered)
Armour
 c - a +1 helmet (worn)
 d - a +0 leather armour
 m - the +2 pair of boots "Efoppem" (worn) {rN+ MP-9 Str+4}
   (You found it on level 6 of the Dungeon)

   It affects your strength (+4).
   It protects you from negative energy.
   It affects your magic capacity (-9).
 q - a +0 cloak (worn)
 F - the +0 robe "Qyoscho" {MR+}
   (You found it on level 9 of the Dungeon)

   It affects your resistance to hostile enchantments.
 G - +0 steam dragon scales
 Q - a +0 troll leather armour (worn)
Jewellery
 w - a ring of protection from fire (left hand)
 D - a +5 ring of intelligence
 I - an uncursed amulet of harm
 K - an uncursed ring of fire
 O - an uncursed ring of protection from cold
 P - an uncursed ring of resist corrosion
Wands
 p - a wand of paralysis (3)
 s - a wand of digging (3)
 t - a wand of polymorph (9)
 y - a wand of enslavement (9)
 B - a wand of flame (35)
 E - a wand of iceblast (5)
Scrolls
 e - 4 scrolls of magic mapping
 g - a scroll of identify
 h - 2 scrolls of amnesia
 l - 2 scrolls of fog
 n - 2 scrolls of remove curse
 o - a scroll of enchant armour
 r - 3 scrolls of teleportation
 H - a scroll of enchant weapon
 M - 2 scrolls of blinking
Potions
 i - a potion of brilliance {unknown}
 j - 3 potions of lignification {unknown}
 u - a potion of heal wounds
 v - 2 potions of degeneration {unknown}
 x - 3 potions of mutation {unknown}
 z - a potion of flight {unknown}
 A - a potion of might
 J - a potion of cancellation {unknown}
 L - a potion of haste {unknown}
 R - 2 potions of curing
Comestibles
 f - 22 rations


   Skills:
 + Level 9.4 Fighting
 * Level 12.0 Long Blades
 - Level 1.7 Throwing
 + Level 8.9 Dodging
 + Level 11.0 Invocations


You had 11 spell levels left.
You didn't know any spells.
Your spell library contained the following spells:

 Spells                   Type           Power        Failure   Level  Hunger
 Corona                   Hex            #......      38%         1    ##.....
 Ensorcelled Hibernation  Hex/Ice        #.....       52%         2    ###....
 Confuse                  Hex            #.......     77%         3    ####...
 Dazzling Spray           Conj/Hex       #.....       77%         3    ####...
 Tukima's Dance           Hex            #.......     77%         3    ####...
 Leda's Liquefaction      Hex/Erth       #.........   99%         4    #####..
 Bolt of Magma            Conj/Fire/Erth #.........   100%        5    ######.
 Iron Shot                Conj/Erth      #.........   100%        6    #######
 Statue Form              Tmut/Erth      #........    100%        6    #######
 Shatter                  Erth           #.........   100%        9    #######


Dungeon Overview and Level Annotations

Branches:
Dungeon (11/15)            Temple (0/1) D:7            Lair (2/6) D:10
  Swamp: Lair:2-4    Shoals: Lair:2-4     Snake: Lair:2-4    Spider: Lair:2-4
    Orc: D:9-12

Altars:
Ashenzari
Fedhas
Gozag
Hepliaklqana
Kikubaaqudgha
Makhleb
Qazlal
Ru
Sif Muna
Wu Jian
Yredelemnul
Zin

Shops:
D:9 *


Innate Abilities, Weirdness & Mutations

You have hoof-like feet.
You are partially covered in yellow scales. (AC +2)
You may emit foul miasma when damaged in melee.
You sometimes gain a little power by taking damage.
You are immune to rotting.


Message History

Your Long Blades skill increases to level 12!
Your Invocations skill increases to level 11!
The death yak gores you but does no damage.
The death yak looks sick.
The death yak gores you!!
* * * LOW HITPOINT WARNING * * *
You see here a death yak corpse.
The death yak gores you but does no damage.
The death yak misses you.
You see here a death yak corpse.
The death yak gores you but does no damage.
You hit the death yak.
The death yak is lightly wounded.
You slash the death yak!
The death yak is moderately wounded.
The death yak gores you!
* * * LOW HITPOINT WARNING * * *
You barely miss the death yak.
The death yak is moderately wounded.
The death yak gores you!!
You die...

...#..+............... ..
####...........P#.#
######+#.####### #.#.###
#...#.# ##. ###.##...##
##.. ###.###..#..##
###..#### ##.#..........#
#.#.....#####.............#
#........YY@..#.........##
##.....##Y##.#..........#
#......#######.........#
##.....## #...........
#.....Y.# #.........####
##.#..### ##.#..##### #
####Y# .#### #...# #P..####
##.....P# #


You could see 3 death yaks.

Vanquished Creatures
  A hydra (Lair:2)
  Harold (Lair:1)
  2 death yaks (Lair:2)
  Joseph (D:10)
  Maurice (D:9)
  5 spiny frogs
  5 komodo dragons
  Grinder (D:6)
  4 trolls
  Prince Ribbit (D:6)
  3 blink frogs (Lair:1)
  A hornet (D:10)
  5 hippogriffs
  The ghost of Ratty the Magician, an amateur DENe of Vehumet (D:4)
  Sigmund (D:3)
  A spriggan (D:7)
  A basilisk (Lair:1)
  8 yaks (Lair:1)
  4 vampire mosquitoes (D:10)
  A steam dragon (D:9)
  2 hungry ghosts
  4 water moccasins (Lair:1)
  3 porcupines
  3 ice beasts (D:6)
  A sky beast (D:8)
  3 black bears
  A phantom (D:10)
  3 orc warriors
  6 wolves
  4 centaurs
  A necrophage (D:9)
  2 ogres
  4 crocodiles
  A big kobold (D:7)
  8 bullfrogs
  A scorpion (D:9)
  A water moccasin skeleton (D:9)
  4 wights (D:8)
  7 howler monkeys
  2 vampire bats (D:6)
  A bullfrog zombie (D:10)
  3 crimson imps
  2 centaur zombies
  3 bullfrog skeletons
  A quasit (D:8)
  2 orc priests
  4 hounds
  2 jellies
  4 orc wizards
  Terence (D:2)
  Jessica (D:2)
  3 iguanas
  3 worker ants
  A killer bee zombie (D:5)
  A hound skeleton (D:5)
  Robin (D:3)
  8 gnolls
  2 worker ant zombies
  11 adders
  3 oozes
  2 adder zombies
  4 worms
  3 dart slugs
  4 leopard geckos
  25 orcs
  A ball python (D:3)
  6 bat skeletons (D:6)
  5 giant cockroaches
  18 goblins
  5 hobgoblins
  17 jackals
  5 quokkas
  6 bats
  4 frilled lizards
  13 kobolds
  A leopard gecko skeleton (D:4)
  9 rats
294 creatures vanquished.

Vanquished Creatures (collateral kills)
  A hydra (Lair:1)
1 creature vanquished.

Vanquished Creatures (others)
  3 fungi
3 creatures vanquished.

Grand Total: 298 creatures vanquished

Notes
Turn   | Place    | Note
-------+----------+-------------------------------------------
     0 | D:1      | Voker57 the Demonspawn Gladiator began the quest for the
                  | Orb.
     0 | D:1      | Reached XP level 1. HP: 16/16 MP: 1/1
    49 | D:1      | You fall through a shaft!
    52 | D:2      | Reached skill level 3 in Long Blades
    58 | D:2      | Gained mutation: You have large cloven feet. [demonic
                  | ancestry]
    58 | D:2      | Reached XP level 2. HP: 19/22 MP: 2/2
   181 | D:2      | Noticed Jessica
   200 | D:2      | Killed Jessica
   200 | D:2      | Gained mutation: You are immune to rotting. [demonic
                  | ancestry]
   200 | D:2      | Reached XP level 3. HP: 8/28 MP: 3/3
   655 | D:2      | Gained mutation: You are partially covered in yellow
                  | scales. (AC +2) [demonic ancestry]
   655 | D:2      | Reached XP level 4. HP: 7/34 MP: 4/4
   939 | D:2      | Found a glowing silver altar of Zin.
   942 | D:2      | Found a basalt altar of Yredelemnul.
   942 | D:2      | Noticed Terence
   954 | D:2      | Killed Terence
  1123 | D:2      | Found a deep blue altar of Sif Muna.
  1468 | D:3      | Reached skill level 4 in Long Blades
  1502 | D:3      | Noticed Sigmund
  1525 | D:3      | HP: 1/34 [something (11)]
  1531 | D:3      | Killed Sigmund
  1531 | D:3      | Reached XP level 5. HP: 26/41 MP: 5/5
  1828 | D:3      | Gained mutation: You may emit foul miasma when damaged in
                  | melee. [demonic ancestry]
  1828 | D:3      | Reached XP level 6. HP: 40/47 MP: 6/6
  2524 | D:3      | Noticed Robin
  2546 | D:3      | Killed Robin
  2812 | D:4      | Found a sacrificial altar of Ru.
  2847 | D:4      | Reached skill level 5 in Long Blades
  3124 | D:4      | Found a large runed translucent door.
  3125 | D:4      | Found a large runed translucent door.
  3126 | D:4      | Noticed Ratty's ghost (amateur DENe)
  3234 | D:4      | Found a shattered altar of Ashenzari.
  3287 | D:4      | Found a burning altar of Makhleb.
  3304 | D:4      | Became a worshipper of Makhleb the Destroyer
  3465 | D:4      | Reached skill level 1 in Invocations
  3749 | D:4      | Killed Ratty's ghost
  3749 | D:4      | Gained mutation: You have hoof-like feet. [demonic
                  | ancestry]
  3749 | D:4      | Reached XP level 7. HP: 30/54 MP: 8/8
  3979 | D:5      | Entered Level 5 of the Dungeon
  4186 | D:5      | Reached skill level 6 in Long Blades
  4625 | D:6      | Reached * piety under Makhleb
  4934 | D:6      | Gained mutation: You sometimes gain a little power by
                  | taking damage. [demonic ancestry]
  4934 | D:6      | Reached XP level 8. HP: 59/61 MP: 10/10
  4942 | D:6      | Reached skill level 5 in Dodging
  5186 | D:6      | Found an ancient bone altar of Kikubaaqudgha.
  5224 | D:6      | Reached skill level 5 in Fighting
  5351 | D:6      | Noticed Grinder
  5364 | D:6      | Paralysed by Grinder for 4 turns
  5368 | D:6      | Reached skill level 7 in Long Blades
  5381 | D:6      | Killed Grinder
  5393 | D:6      | Noticed Prince Ribbit
  5664 | D:6      | Found a stormy altar of Qazlal.
  5721 | D:6      | Reached skill level 5 in Invocations
  5769 | D:6      | Killed Prince Ribbit
  5769 | D:6      | Reached XP level 9. HP: 55/69 MP: 11/13
  6013 | D:6      | Found an ornate altar of the Wu Jian Council.
  6014 | D:6      | Found a blossoming altar of Fedhas.
  6018 | D:6      | Got a pair of translucent boots
  6024 | D:6      | Identified the +2 pair of boots "Efoppem" {rN+ MP-9 Str+4}
                  | (You found it on level 6 of the Dungeon)
  6521 | D:7      | Reached ** piety under Makhleb
  6836 | D:7      | Reached skill level 8 in Long Blades
  7034 | D:7      | Found a staircase to the Ecumenical Temple.
  7938 | D:8      | Found an opulent altar of Gozag.
  8063 | D:8      | Reached skill level 9 in Long Blades
  8358 | D:8      | Reached XP level 10. HP: 77/77 MP: 6/15
  8754 | D:9      | Found Otiuq's Assorted Antiques.
  8761 | D:9      | Bought a tubular steel ring for 115 gold pieces
  8878 | D:9      | Reached *** piety under Makhleb
  9435 | D:9      | Found a hazy altar of Hepliaklqana.
  9523 | D:9      | Noticed Maurice
  9545 | D:9      | Killed Maurice
 10034 | D:9      | Got a creamy pearl robe
 10045 | D:9      | Identified the cursed +0 robe "Qyoscho" {MR+} (You found it
                  | on level 9 of the Dungeon)
 10098 | D:10     | Entered Level 10 of the Dungeon
 10131 | D:10     | Reached skill level 10 in Long Blades
 10183 | D:10     | Found a staircase to the Lair.
 10937 | D:10     | Reached **** piety under Makhleb
 11026 | D:10     | Noticed Joseph
 11122 | D:10     | Killed Joseph
 11122 | D:10     | Reached XP level 11. HP: 35/86 MP: 8/17
 11350 | Lair:1   | Entered Level 1 of the Lair of Beasts
 11594 | Lair:1   | Noticed an eight-headed hydra
 11716 | Lair:1   | Killed an eight-headed hydra
 12264 | Lair:1   | Noticed Harold
 12288 | Lair:1   | Killed Harold
 12323 | Lair:1   | Reached skill level 11 in Long Blades
 12667 | Lair:1   | Reached skill level 10 in Invocations
 13531 | Lair:2   | Reached ***** piety under Makhleb
 13581 | Lair:2   | Noticed an eight-headed hydra
 13604 | Lair:2   | Killed an eight-headed hydra
 13698 | Lair:2   | Reached XP level 12. HP: 82/95 MP: 11/20
 13901 | Lair:2   | Noticed a death yak
 13902 | Lair:2   | Noticed a death yak
 13902 | Lair:2   | Noticed a death yak
 13903 | Lair:2   | Noticed a death yak
 13926 | Lair:2   | Noticed a death yak
 13932 | Lair:2   | Killed a death yak
 13939 | Lair:2   | Killed a death yak
 13939 | Lair:2   | Reached skill level 12 in Long Blades
 13947 | Lair:2   | Mangled by a death yak

Levels and vault maps discovered:
D:1:      lightli_molten_gateway, layout_loops_cross
D:2:      layout_basic, grunt_temple_overflow_open,
          nicolae_overflow_crystal_walls, first_ration,
          hangedman_feature_mirror, small_statue_intersection, uniq_jessica,
          uniq_terence
D:3:      kennysheep_goblin_castle, layout_rooms,
          minmay_randomly_rotated_circles, uniq_sigmund
D:4:      minmay_chambers_of_twos, layout_loops_ring, ashenzari_altar_1,
          makhleb_grotto_becter, nicolae_ru_sacrificial_ziggurat,
          ebering_ghost_disaster_area
D:5:      layout_basic, dancing_weapons_uskayaw
D:6:      layout_cave_pools, kennysheep_vampire_church,
          gammafunk_temple_overflow_forgotten, uniq_grinder, uniq_prince_ribbit1
D:7:      layout_loops_corners, minmay_temple_entry_fiery, the_bakery,
          eino_tiny_chamber
D:8:      layout_basic, nicolae_gozag_seed_capital, nicolae_sextant
D:9:      layout_long_grid, overflow_temple_1_default, serial_shops, shop,
          uniq_maurice
D:10:     layout_loops_ring, lair_entry_dummy, uniq_joseph
D:11:     lemuel_insect_pit, layout_rooms, david_orc_4, basic_altar,
          special_room [special_room_orc], uniq_grum
Lair:1:   layout_cave_pods, st_stairs_10, cheibrodos_lair_reptile_den,
          uniq_harold
Lair:2:   layout_roguey, beast_lair_carwin_5

Skill      XL: |  1  2  3  4  5  6  7  8  9 10 11 12 |
---------------+-------------------------------------+-----
Long Blades    | 3 4 5 6 7 9 10 11 12 | 12.0
Dodging        | 3 4 5 6 7 8 |  8.9
Fighting       | 3 4 5 6 8 9 |  9.4
Invocations    | 2 3 5 7 9 10 11 | 11.0
Throwing       | |  1.7

Action                   |  1- 3 |  4- 6 |  7- 9 | 10-12 || total
-------------------------+-------+-------+-------+-------++-------
Melee: Long sword        |    64 |   140 |   264 |     7 ||   475
       Kick              |    16 |    53 |    63 |       ||   132
       Dagger            |       |    10 |   124 |   191 ||   325
       Scimitar          |       |       |       |   483 ||   483
       Short sword       |       |       |       |    11 ||    11
Throw: Throwing net      |       |     4 |     3 |     2 ||     9
Invok: Minor Destruction |       |       |     1 |       ||     1
       Lesser Servant of |       |       |       |     3 ||     3
Evoke: Wand              |       |       |       |     3 ||     3
  Use: Potion            |     1 |     5 |     2 |       ||     8
       Scroll            |       |     8 |     2 |    10 ||    20
 Stab: Held in net/web   |       |     1 |     4 |     4 ||     9
       Sleeping          |       |       |       |     3 ||     3
       Distracted        |       |       |       |     1 ||     1
  Eat: Chunk             |       |     6 |    10 |    16 ||    32
       Ration            |       |     1 |     3 |     1 ||     5
Armor: Leather armour    |    10 |    67 |   118 |     7 ||   202
       Steam dragon scal |       |       |       |    60 ||    60
       Robe              |       |       |       |    52 ||    52
       Troll leather arm |       |       |       |    56 ||    56
Dodge: Dodged            |    42 |   144 |   318 |   566 ||  1070
       Rpst.: Long sword |    12 |    41 |    66 |     1 ||   120
       Scimitar          |       |       |       |   123 ||   123

Table legend:
 A = Non-vault XP
 B = Vault XP
 C = Vault XP percentage of total XP
 D = Non-vault monster count
 E = Vault monster count
 F = Vault count percentage of total count
                 A         B        C        D         E       F
            +---------+---------+-------+---------+---------+-------
      Total |   18815 |    5772 |  23.5 |     226 |      69 |  23.4
            +---------+---------+-------+---------+---------+-------
        D:1 |       4 |       0 |   0.0 |       4 |       0 |   0.0
        D:2 |      36 |     100 |  73.5 |      12 |       8 |  40.0
        D:3 |      44 |     269 |  85.9 |      21 |      26 |  55.3
        D:4 |      76 |     401 |  84.1 |      12 |       7 |  36.8
        D:5 |     234 |       0 |   0.0 |      18 |       0 |   0.0
        D:6 |    1072 |     682 |  38.9 |      15 |      10 |  40.0
        D:7 |     854 |     201 |  19.1 |      14 |       1 |   6.7
        D:8 |    1806 |       0 |   0.0 |      29 |       0 |   0.0
        D:9 |    2457 |     439 |  15.2 |      37 |       1 |   2.6
       D:10 |    2235 |     445 |  16.6 |      24 |       1 |   4.0
       D:11 |      70 |       0 |   0.0 |       2 |       0 |   0.0
     Lair:1 |    6155 |    1579 |  20.4 |      25 |      10 |  28.6
     Lair:2 |    3772 |    1656 |  30.5 |      13 |       5 |  27.8
            +---------+---------+-------+---------+---------+-------
